 Dungeon Crawl Stone Soup version 0.22-a0-362-g535178c (webtiles) character file.

83 Amnesiac the Ducker (level 4, 0/27 HPs)
             Began as a Deep Elf Fighter on Apr 21, 2018.
             Succumbed to an adder's poison
             ... on level 3 of the Dungeon.
             The game lasted 00:02:47 (1612 turns).

Amnesiac the Ducker (Deep Elf Fighter)              Turns: 1612, Time: 00:02:47

Health: 0/27       AC:  6    Str: 14    XL:     4   Next: 22%
Magic:  6/6        EV: 13    Int: 13    God:
Gold:   49         SH:  9    Dex: 19    Spells: 3/3 levels left

rFire    . . .     SeeInvis .   a - +0 war axe
rCold    . . .     Gourm    .   c - +0 shield
rNeg     . . .     Faith    .   j - +0 scale mail {MR+}
rPois    .         Spirit   .   (no helmet)
rElec    .         Reflect  .   (no cloak)
rCorr    .         Harm     .   (no gloves)
MR       +....                  (no boots)
Stlth    +.........             (no amulet)
HPRegen  0.09/turn              (no ring)
MPRegen  0.10/turn              (no ring)

@: agile, lethally poisoned (0 -> -5)
A: no striking features
a: no special abilities


You were on level 3 of the Dungeon.
You were hungry.

You visited 1 branch of the dungeon, and saw 4 of its levels.

You collected 49 gold pieces.

Inventory:

Hand Weapons
 a - a +0 war axe (weapon)
 l - a +0 blowgun
Missiles
 g - 23 arrows
 n - 7 poisoned needles
Armour
 c - a +0 shield (worn)
 j - a +0 scale mail of magic resistance (worn)
 o - a +0 hat
Jewellery
 e - an uncursed ring of teleportation
Scrolls
 k - a scroll of teleportation {!r}
Potions
 d - 2 potions of might {!q}
 h - 2 potions of degeneration {!q}
 m - a potion of magic {!q}
Comestibles
 b - 2 chunks of flesh
 f - 3 rations


   Skills:
 * Level 2.9 Fighting
 + Level 1.8 Axes
 * Level 2.9 Armour
 + Level 3.0 Dodging
 - Level 2.4 Shields


You had 3 spell levels left.
You didn't know any spells.

Dungeon Overview and Level Annotations

Branches:
Dungeon (4/15)
 Temple: D:4-7

Altars:
Gozag
Nemelex Xobeh

Shops:
D:2 *

Annotations:
D:3 khargal's ghost, weakling DrMo


Message History

You miss the adder.
The adder is lightly wounded.
The adder bites you. You block the adder's attack.
You closely miss the adder.
The adder is lightly wounded.
The adder bites you but does no damage. The adder bites you.
Your shield and scale mail prevent you from hitting the adder.
The adder is lightly wounded.
The adder barely misses you. You block the adder's attack.
You closely miss the adder.
The adder is lightly wounded.
The adder barely misses you. You block the adder's attack.
You hit the adder.
The adder is severely wounded.
The adder barely misses you. The adder bites you.
You are poisoned.
The adder poisons you!
You closely miss the adder.
The adder is severely wounded.
You feel sick. The adder bites you. x2
You are more poisoned.
The adder poisons you!
You miss the adder.
The adder is severely wounded.
You feel sick. The adder bites you but does no damage. The adder bites you.
You are lethally poisoned!
The adder poisons you!
All of the chunks of flesh in your inventory have rotted away.
You miss the adder.
The adder is severely wounded.
* * * LOW HITPOINT WARNING * * *
You feel sick. You block the adder's attack. x2
You closely miss the adder.
The adder is severely wounded.
* * * LOW HITPOINT WARNING * * *
You feel sick. The adder bites you but does no damage. The adder bites you.
* * * LOW HITPOINT WARNING * * *
You hit the adder.
You kill the adder!
Your Dodging skill increases to level 3!
* * * LOW HITPOINT WARNING * * *
You feel sick.
Okay, then.
Okay, then.
Really quaff
i - a black potion {!q}?
It was a potion of agility {!q}.
You feel agile all of a sudden.
* * * LOW HITPOINT WARNING * * *
You feel sick.
* * * LOW HITPOINT WARNING * * *
You feel sick.
You see here an adder corpse.
You butcher the adder corpse.
You see here 2 chunks of flesh.
b - 2 chunks of flesh
* * * LOW HITPOINT WARNING * * *
You feel sick.
Okay, then.
* * * LOW HITPOINT WARNING * * *
You feel sick.
* * * LOW HITPOINT WARNING * * *
You feel sick.
Okay, then.
You die...

....## ..# ....# ..
#..## .. #. #.>## .# ..
##..####.# .# #.
##......# ##.##### #.##
#..##### #<.....#
#...###..######........#
#...##..@..##......[...
#......###.##..........
#...#### #............$
#..)# #.............
#...# #.##..........
##### #..###........#
#.## ....... .. .......
### .......


There were no monsters in sight!

Vanquished Creatures
  4 adders
  An ooze (D:1)
  A dart slug (D:1)
  2 leopard geckos
  A ball python (D:2)
  A giant cockroach (D:1)
  9 goblins
  7 hobgoblins
  3 bats
  2 frilled lizards (D:1)
  4 kobolds
  4 rats
39 creatures vanquished.

Notes
Turn   | Place    | Note
-------+----------+-------------------------------------------
     0 | D:1      | Amnesiac the Deep Elf Fighter began the quest for the Orb.
     0 | D:1      | Reached XP level 1. HP: 13/13 MP: 3/3
    80 | D:1      | Reached skill level 1 in Dodging
    81 | D:1      | Found a sparkling altar of Nemelex Xobeh.
   189 | D:1      | Reached skill level 2 in Dodging
   223 | D:1      | Reached XP level 2. HP: 18/18 MP: 4/4
   594 | D:1      | Reached XP level 3. HP: 19/22 MP: 5/5
   817 | D:2      | Found an opulent altar of Gozag.
   820 | D:2      | Found Gozag's Platinum Reserve.
  1368 | D:2      | Reached XP level 4. HP: 26/27 MP: 6/6
  1409 | D:3      | Noticed khargal's ghost (weakling DrMo)
  1603 | D:3      | Reached skill level 3 in Dodging
  1610 | D:3      | HP: 1/27 [poisoned by an adder]
  1612 | D:3      | Succumbed to an adder's poison

Vault maps used:
D:1:      dpeg_arrival_renting, nemelex_diamond_rough_becter
D:2:      nicolae_gozag_zags_fifth_avenue
D:4:      minmay_temple_entry_enclosed_plants, uniq_robin

Skill      XL: |  1  2  3  4 |
---------------+-------------+-----
Dodging        | 2 3 |  3.0
Fighting       | |  2.9
Axes           | |  1.8
Armour         | |  2.9
Shields        | |  2.4

Action                   |  1- 3 |  4- 6 || total
-------------------------+-------+-------++-------
Melee: War axe           |   128 |    27 ||   155
  Use: Scroll            |     5 |       ||     5
       Potion            |       |     1 ||     1
  Eat: Chunk             |     2 |       ||     2
Armor: Scale mail        |    51 |     8 ||    59
Dodge: Dodged            |    40 |    10 ||    50
Block: Shield            |    67 |    17 ||    84

Table legend:
 A = Spawn XP
 B = Non-spawn XP
 C = Spawn XP percentage of total XP
 D = Spawn monster count
 E = Non-spawn monster count
 F = Spawn count percentage of total count
 G = Total turns spent on level
                    A         B        C        D         E        F      G
               +---------+---------+-------+---------+---------+-------+---------
         Total |       0 |     119 |   0.0 |       0 |      39 |   0.0 |  1612
               +---------+---------+-------+---------+---------+-------+---------
           D:1 |       0 |      45 |   0.0 |       0 |      23 |   0.0 |   731
           D:2 |       0 |      57 |   0.0 |       0 |      13 |   0.0 |   672
           D:3 |       0 |      17 |   0.0 |       0 |       3 |   0.0 |   105
               +---------+---------+-------+---------+---------+-------+---------
